 Dungeon Crawl Stone Soup version 0.31.0-32-g396128a36d (webtiles) character file.

Game seed: 13424997406473140447

2389 anna the Twirler (level 9, -3/54 HPs)
             Began as a Gargoyle Gladiator on Apr 6, 2024.
             Killed by divine providence
             ... invoked by an orc priest
              (7 damage)
             ... on level 7 of the Dungeon.
             The game lasted 00:38:27 (3940 turns).

anna the Twirler (Gargoyle Gladiator)               Turns: 3940, Time: 00:38:29

Health: -3/54      AC: 16    Str: 26    XL:     9   Next: 46%
Magic:  0/9        EV: 12    Int:  8    God:
Gold:   306        SH:  0    Dex: 10    Spells: 8/8 levels left

rFire   . . .        r - +4 quarterstaff (chaos)
rCold   . . .        (shield currently unavailable)
rNeg    + + .        j - +3 leather armour {rN+}
rPois   ∞            c - +1 helmet
rElec   +            (no cloak)
rCorr   .            (no gloves)
SInv    .            o - +0 pair of boots
Will    .....        h - amulet of guardian spirit
Stlth   ++           n - ring of poison resistance
HPRegen 0.29/turn    (no ring)
MPRegen 0.11/turn

%: guardian spirit
@: no status effects
A: sickness immunity, AC +6, negative energy resistance 1, electricity
resistance, torment resistance 1, petrification resistance, deterioration 1,
strong 1
a: no special abilities


You were on level 7 of the Dungeon.
You visited 2 branches of the dungeon, and saw 8 of its levels.

You collected 330 gold pieces.
You spent 24 gold pieces at shops.

Inventory:

Hand Weapons
 a - a +0 flail
 i - a +0 short sword
 r - a +4 quarterstaff of chaos (weapon)
Missiles
 b - 5 boomerangs (quivered)
 t - 5 poisoned darts
Armour
 c - a +1 helmet (worn)
 d - the +2 leather armour "Jarutaqi" {rF++}
   (You found it on level 3 of the Dungeon)

   rF++:      It greatly protects you from fire.
 g - a +0 kite shield
 j - a +3 leather armour of positive energy (worn)
 o - a +0 pair of boots (worn)
Jewellery
 h - an amulet of guardian spirit (around neck)
 n - a ring of poison resistance (left hand)
Talismans
 l - a dragon-blood talisman
Scrolls
 f - 6 scrolls of identify
 m - 3 scrolls of teleportation
 s - 2 scrolls of vulnerability
 y - a scroll of immolation
Potions
 k - a potion of mutation
 p - a potion of might
 q - a potion of cancellation {unknown}
 u - a potion of heal wounds
 v - a potion of enlightenment {unknown}
 w - a potion of resistance {unknown}
 x - a potion of degeneration {unknown}
 z - a potion of invisibility {unknown}


   Skills:
 + Level 5.0 Fighting
 + Level 5.7(7.1) Maces & Flails
 + Level 6.5(7.5) Staves
 + Level 3.7 Throwing
 + Level 3.6 Armour
 + Level 4.5 Dodging
 + Level 2.4 Stealth
 + Level 3.8 Shields


You had 8 spell levels left.
You didn't know any spells.
Your spell library contained the following spells:

 Spells                   Type           Power      Damage    Failure   Level
 Apportation              Tloc           0%         N/A       43%         1
 Magic Dart               Conj           0%         1d3       43%         1
 Necrotise                Necr           0%         1d4       43%         1
 Sting                    Conj/Alch      0%         1d3       43%         1
 Summon Small Mammal      Summ           0%         N/A       43%         1
 Ensorcelled Hibernation  Hex/Ice        0%         N/A       58%         2
 Searing Ray              Conj           0%         2d4       58%         2
 Call Canine Familiar     Summ           0%         N/A       82%         3
 Fugue of the Fallen      Necr           0%         N/A       82%         3
 Sigil of Binding         Hex            0%         N/A       82%         3
 Anguish                  Hex/Necr       0%         N/A       99%         4
 Dimensional Bullseye     Hex/Tloc       0%         N/A       99%         4
 Fulminant Prism          Conj/Alch      0%         3d5       99%         4


Dungeon Overview and Level Annotations

Branches:
Dungeon (7/15)             Temple (1/1) D:4

Altars:
Ashenzari
Cheibriados
Dithmenos
Elyvilon
Qazlal
Sif Muna
Uskayaw
Zin
The Shining One

Shops:
D:1 [   D:3 *


Innate Abilities, Weirdness & Mutations

You are immune to sickness and miasma.
Your stone body is resilient. (AC +6)
You are immune to poison.
You resist negative energy. (rN+)
You are resistant to electric shocks. (rElec)
You are resistant to unholy torment.
You are immune to petrification.
Your body sometimes deteriorates upon taking damage.
Your muscles are strong. (Str +4, Int/Dex -1)


Message History

Pikel is severely wounded.
The lemure shouts!
Pikel hits you but does no damage.
The orc priest calls down the wrath of Beogh upon you.
Beogh smites you!
You hit Pikel but do no damage.
Pikel is severely wounded.
Pikel hits you with a +2 whip of electrocution!
* * * LOW HITPOINT WARNING * * *
Okay, then.
You are a level 9 Gargoyle Gladiator.
You are 18% of the way to level 10.
Play time: 00:37:55 (3935 turns).
Zot will find you in 26894 turns if you stay in this branch and explore no new floors.
You closely miss Pikel.
Pikel is severely wounded.
You thump Pikel! You burn Pikel.
Pikel is almost dead.
Pikel hits you but does no damage.
You sock Pikel! Lightning courses through Pikel!
You kill Pikel!
With Pikel's spell broken, his former minions thank you for their freedom.
The lemure departs this earthly plane. x2
An orc comes into view. It is wielding a +0 whip.
The orc priest mumbles some strange prayers to Beogh against you.
Beogh smites you!
* * * LOW HITPOINT WARNING * * *
You feel your strength returning.
Your Fighting skill increases to level 5!
Your base Staves skill increases to level 6!
You drop a scroll of teleportation.
The orc priest misses you.
You hit the orc priest.
Lightning courses through the orc priest!
The orc priest is severely wounded.
You barely miss the orc priest.
The orc priest is severely wounded.
The orc shouts!
The orc priest closely misses you.
The orc priest mumbles some strange prayers to Beogh against you.
Beogh smites you!
You die...

.... ....
.....
.....
......
(..§§o###
..§..§oo#
#@# #.#
#.# #.#
#.# #.#
#.# #.# #
# #.#.#


You could see 2 orc priests and an orc.

Vanquished Creatures
  Pikel (D:7)
  A troll (D:6)
  Eustachio (D:6)
  Menkaure (D:6)
  A water moccasin (D:4)
  A sky beast (D:6)
  An ice beast (D:5)
  A black bear (D:6)
  An ogre (D:6)
  A phantom (D:5)
  A bullfrog (D:6)
  3 scorpions
  2 bombardier beetles (D:4)
  4 hounds
  6 jellies
  A gnoll bouda (D:6)
  Crazy Yiuf (D:4)
  An iguana (D:6)
  An orc wizard (D:3)
  6 adders
  7 gnolls
  A white imp (D:6)
  A dart slug (D:3)
  A ribbon worm (D:2)
  15 orcs
  3 endoplasms
  3 giant cockroaches
  4 goblins
  10 hobgoblins
  4 quokkas
  3 ball pythons
  A bat (D:2)
  3 frilled lizards
  3 kobolds
  2 rats
97 creatures vanquished.

Notes
Turn   | Place    | Note
-------+----------+-------------------------------------------
     0 | D:1      | anna the Gargoyle Gladiator began the quest for the Orb.
     0 | D:1      | Reached XP level 1. HP: 12/12 MP: 1/1
    99 | D:1      | Found Tahobili's Antique Armour Emporium.
   394 | D:1      | Reached XP level 2. HP: 14/17 MP: 2/2
   523 | D:1      | You fall into a shaft and drop 1 floor!
   588 | D:2      | Reached XP level 3. HP: 21/21 MP: 3/3
   697 | D:2      | Gained mutation: Your muscles are strong. (Str +4, Int/Dex
                  | -1) [potion of mutation]
   697 | D:2      | Gained mutation: Your body sometimes deteriorates upon
                  | taking damage. [potion of mutation]
  1119 | D:3      | Noticed a scorpion
  1137 | D:3      | Killed a scorpion
  1138 | D:3      | Reached skill level 1 in Armour
  1138 | D:3      | Reached skill level 1 in Shields
  1138 | D:3      | Reached XP level 4. HP: 17/27 MP: 4/4
  1281 | D:3      | Reached XP level 5. HP: 23/31 MP: 5/5
  1491 | D:3      | Identified the +2 leather armour "Jarutaqi" {rF++}
  1621 | D:3      | Found Anup's General Store.
  1781 | D:3      | Bought a scroll of identify for 24 gold pieces
  1868 | D:4      | Found a shadowy altar of Dithmenos.
  1938 | D:4      | Noticed a water moccasin
  1949 | D:4      | Killed a water moccasin
  1950 | D:4      | Reached XP level 6. HP: 33/36 MP: 4/6
  2195 | D:4      | Found a broken altar of Ashenzari.
  2199 | D:4      | Saw a vision of the Shoals and the Snake Pit.
  2199 | D:4      | Noticed an anaconda
  2199 | D:4      | Noticed an anaconda
  2199 | D:4      | Noticed a naga
  2199 | D:4      | Noticed an anaconda
  2199 | D:4      | Noticed a sea snake
  2199 | D:4      | Noticed a merfolk aquamancer
  2199 | D:4      | Noticed a sea snake
  2199 | D:4      | Noticed a skyshark
  2199 | D:4      | Noticed a merfolk impaler
  2199 | D:4      | Noticed a shock serpent
  2201 | D:4      | Noticed a merfolk siren
  2327 | D:4      | Found a runed translucent door.
  2328 | D:4      | Noticed Crazy Yiuf
  2337 | D:4      | Killed Crazy Yiuf
  2338 | D:4      | Reached skill level 5 in Maces & Flails
  2428 | D:4      | Reached XP level 7. HP: 41/41 MP: 7/7
  2473 | D:4      | Found a snail-covered altar of Cheibriados.
  2490 | D:4      | Found a staircase to the Ecumenical Temple.
  2516 | Temple   | Entered the Ecumenical Temple
  2633 | D:5      | Entered Level 5 of the Dungeon
  2640 | D:5      | Reached skill level 1 in Stealth
  2643 | D:5      | Reached skill level 1 in Staves
  2890 | D:5      | Reached skill level 2 in Staves
  2929 | D:5      | Reached XP level 8. HP: 41/48 MP: 8/8
  3207 | D:6      | a black bear changed into a troll
  3207 | D:6      | Noticed a troll
  3215 | D:6      | Killed a troll
  3216 | D:6      | Reached skill level 3 in Staves
  3221 | D:6      | Noticed Eustachio
  3281 | D:6      | Killed Eustachio
  3282 | D:6      | Reached skill level 4 in Staves
  3424 | D:6      | Noticed Menkaure
  3502 | D:6      | Reached skill level 5 in Staves
  3606 | D:6      | Reached XP level 9. HP: 44/52 MP: 9/9
  3784 | D:6      | Killed Menkaure
  3924 | D:7      | Noticed Pikel
  3937 | D:7      | Killed Pikel
  3938 | D:7      | Reached skill level 5 in Fighting
  3938 | D:7      | Reached skill level 6 in Staves
  3940 | D:7      | Killed from afar by an orc priest

Illustrated notes

Levels and vault maps discovered:
D:1:      lemuel_arrival_lava_pool, layout_loops_ring, serial_shops,
          nicolae_shop_window_shopping
D:2:      layout_basic, minmay_pentomino_w2
D:3:      layout_rooms, serial_shops, nicolae_shop_window_shopping
D:4:      layout_cave_pools, lemuel_doored_altar, grunt_ashenzari_visionary
          [grunt_ashenzari_visionary_shoals, grunt_ashenzari_visionary_snake],
          grunt_dithmenos_smoke_and_mirrors, minmay_temple_entry_antechambers,
          kennysheep_nub, minmay_misc_feat_chi, uniq_crazy_yiuf_cottage
D:5:      layout_rooms, serial_bayou, serial_bayou_crossing,
          serial_bayou_pond_a, serial_bayou_pond_d, serial_bayou_pond_e
D:6:      layout_rooms, uniq_menkaure, uniq_eustachio
D:7:      layout_basic, trog_antimagical, mainiacjoe_overflow_chevrons,
          uniq_pikel
Temple:   hellmonk_temple_rainy

Skill      XL: |  1  2  3  4  5  6  7  8  9 |
---------------+----------------------------+-----
Maces & Flails | 4 5 |  5.7
Armour         | 1 2 3 |  3.6
Shields        | 1 2 3 |  3.8
Dodging        | 3 4 |  4.5
Fighting       | 3 4 5 |  5.0
Stealth        | 1 2 |  2.4
Staves         | 2 5 6 |  6.5
Throwing       | 3 |  3.7

Action                     |  1- 3 |  4- 6 |  7- 9 || total
---------------------------+-------+-------+-------++-------
  Melee: Flail             |    94 |   124 |       ||   218
         Quarterstaff      |       |     9 |   137 ||   146
  Throw: Boomerang         |       |       |    28 ||    28
         Dart              |       |       |     4 ||     4
         Javelin           |       |       |     4 ||     4
    Use: Scroll            |     7 |     1 |       ||     8
         Potion            |     2 |     2 |     3 ||     7
   Stab: Sleeping          |       |       |     2 ||     2
         Confused          |       |       |     1 ||     1
 Armour: Scale mail        |    53 |    53 |       ||   106
         Leather armour    |     1 |    33 |    84 ||   118
  Dodge: Dodged            |    32 |    47 |    70 ||   149
  Block: Kite shield       |    36 |    58 |       ||    94
